 Dungeon Crawl Stone Soup version 0.24-a0-618-ge4662a2d14 (webtiles) character file.

Game seed: 1186146637679333854, levelgen mode: deterministic

168 Elminster the Digger (level 5, -3/42 HPs)
             Began as a Deep Dwarf Earth Elementalist on Sept 15, 2019.
             Killed by nerve-wracking pain
             ... invoked by a shadow imp
              (13 damage)
             ... on level 3 of the Dungeon.
             The game lasted 00:09:18 (1285 turns).

Elminster the Digger (DDEE)                         Turns: 1285, Time: 00:09:19

Health: -3/42      AC:  2    Str: 12    XL:     5   Next: 23%
Magic:  4/7        EV: 12    Int: 16    God:
Gold:   98         SH:  0    Dex: 13    Spells: 5/8 levels left

rFire    . . .     SeeInvis .   k - +1 dagger
rCold    + . .     Gourm    +   (no shield)
rNeg     . . .     Faith    .   c - +0 robe
rPois    .         Spirit   .   (no helmet)
rElec    .         Reflect  .   (no cloak)
rCorr    +         Harm     .   (no gloves)
MR       .....                  (no boots)
Stlth    ++........             n - amulet of the gourmand {Gourm, !d}
HPRegen  0.00/turn              e - ring of protection from cold {rC+, !d}
MPRegen  0.10/turn              r - ring of resist corrosion

@: non-regenerating
A: damage resistance, heal wounds, sense surroundings 1, no regeneration
a: Heal Wounds


You were on level 3 of the Dungeon.
You were very hungry.

You visited 1 branch of the dungeon, and saw 3 of its levels.

You collected 98 gold pieces.

Inventory:

Hand Weapons
 k - a +1 dagger (weapon)
   (You took it off a kobold on level 2 of the Dungeon)
Missiles
 b - 20 stones (quivered)
 q - a throwing net {=f, !d}
Armour
 c - a +0 robe (worn)
 p - a +0 pair of gloves
   (You found it on level 3 of the Dungeon)
Jewellery
 e - a ring of protection from cold (left hand) {rC+, !d}
   (You found it on level 3 of the Dungeon)
 l - an uncursed ring of see invisible {sInv, !d}
   (You found it on level 2 of the Dungeon)
 n - an amulet of the gourmand (around neck) {Gourm, !d}
   (You found it on level 2 of the Dungeon)
 r - a ring of resist corrosion (right hand)
   (You found it on level 3 of the Dungeon)
Scrolls
 a - a scroll of enchant weapon
 g - 3 scrolls of immolation {unknown}
 h - a scroll of fear {unknown}
 i - 3 scrolls of identify
 j - a scroll of enchant armour {unknown}
 m - a scroll of teleportation {unknown}
 o - a scroll of remove curse {unknown}
Potions
 f - 2 potions of agility {unknown}
Comestibles
 d - 7 rations


   Skills:
 - Level 2.1 Dodging
 + Level 3.9 Stealth
 - Level 2.3 Spellcasting
 - Level 0.8 Transmutations
 + Level 6.8 Earth Magic


You had 5 spell levels left.
You knew the following spells:

 Your Spells              Type           Power        Failure   Level  Hunger
a - Sandblast             Erth           ###...       1%          1    #......
w - Passwall              Tmut/Erth      ##......     6%          2    ###....

Your spell library contained the following spells:

 Spells                   Type           Power        Failure   Level  Hunger
 Stone Arrow              Conj/Erth      ##....       16%         3    ###....
 Lee's Rapid Deconstruct  Erth           ###.......   34%         5    ######.
 Petrify                  Tmut/Erth      ##......     38%         4    #####..


Dungeon Overview and Level Annotations

Branches:
Dungeon (3/15)

Altars:
Ashenzari
Cheibriados


Innate Abilities, Weirdness & Mutations

You are resistant to damage.
You can heal yourself by infusing magical energy.
You passively map a small area around you.
You do not regenerate.


Message History

You see here a cursed +0 club.
You now have 87 gold pieces (gained 9).
MP restored: 7 You feel a little less mighty now.
e - a tourmaline ring Put on which piece of jewellery? (? for menu, Esc to quit)
You're wearing all the rings you can.
Remove which one? (? for menu, Esc to cancel) < or
l - a ring of see invisible {sInv, !d} > or
r - a ring of resist corrosion You remove your ring of see invisible {sInv, !d}.
e - a ring of protection from cold (left hand) All of the chunks of flesh in your inventory have rotted away.
Found a stone staircase leading down.
f - 2 viscous orange potions (gained 1)
Found an escape hatch in the ceiling. 2 jackals come into view.
The jackal barks! x2
The jackal bites you. The jackal misses you.
You barely miss the jackal. The jackal bites you.
* * * LOW HITPOINT WARNING * * *
The jackal misses you. The jackal bites you.
* * * LOW HITPOINT WARNING * * *
You take 2 damage, and have 11/42 hp.
You miss the jackal.
The jackal bites you but does no damage.
The jackal bites you.
* * * LOW HITPOINT WARNING * * *
The jackal misses you.
You take 1 damage, and have 10/42 hp.
You hit the jackal but do no damage. The jackal misses you.
The jackal bites you. The jackal misses you.
Aim: a jackal The blast of sand hits the jackal!
You kill the jackal!
b - 27 stones The jackal misses you.
You now have 6/7 mp.
Aim: a jackal The blast of sand hits the jackal!
You kill the jackal!
b - 26 stones You now have 5/7 mp.
A worm comes into view.
A kobold comes into view.
The kobold shouts!
A dart slug comes into view.
The kobold hits you but does no damage.
You see here 10 gold pieces.
Aim: a kobold The blast of sand hits the kobold!
You kill the kobold!
b - 25 stones You now have 5/7 mp.
Aim: a dart slug (clinging)
The blast of sand hits the dart slug.
b - 24 stones You now have 4/7 mp.
Aim: a dart slug (moderately wounded, clinging)
The blast of sand hits the dart slug!
You kill the dart slug!
b - 23 stones You now have 3/7 mp.
Found a stone staircase leading up.
You see here a dart slug corpse.
You now have 98 gold pieces (gained 11).
A worm comes into view.
You are feeling very hungry.
d - 6 rations (gained 1)
A rat comes into view.
You see here a ration.
d - 7 rations (gained 1) MP restored: 7 A jackal comes into view.
Aim: a rat The blast of sand misses the rat.
b - 22 stones The rat bites you.
You now have 6/7 mp.
Aim: a rat The blast of sand hits the rat!
You kill the rat!
b - 21 stones You now have 5/7 mp.
A shadow imp comes into view.
The jackal barely misses you.
Aim: a jackal The blast of sand hits the jackal!
You kill the jackal!
b - 20 stones You now have 4/7 mp.
You see here a pair of gloves.
p - a pair of gloves The shadow imp shouts, "Scamper hence, thou vain thigh-biting dingleberry!"
You hear a bark!
You hear a shout!
A jackal and a hobgoblin come into view.
The jackal barks!
The shadow imp gestures at you. Pain shoots through your body!
You die...

#.##..........., ,
#.......##...# *, .g,
#..###..# ,..# , . #..#
#..# *# * .# ,
#..###..####### ..#
#.............##..##.
#.#####.......#......
#.# #...†.....5# , #.#
#......@##. *
####.#####.......# . *
* ,,
........##..........###
,
..##.#..##.......#.....
,
..##.#..########.#h##..
* <.#..#..# * ...,. ..
* * ..#.##..# *
#.#.###. # ..#.##..#*
*##......######.#
........# * ,
.,#...<......#


You could see a shadow imp, a jackal and a hobgoblin (wandering).

Vanquished Creatures
  A hornet zombie (D:3)
  2 adders
  A worm (D:2)
  4 dart slugs
  A leopard gecko (D:2)
  3 giant cockroaches
  5 goblins
  4 hobgoblins
  3 jackals (D:3)
  12 kobolds
  5 bats
  A frilled lizard (D:2)
  7 rats
49 creatures vanquished.

Notes
Turn   | Place    | Note
-------+----------+-------------------------------------------
     0 | D:1      | Elminster the Deep Dwarf Earth Elementalist began the quest
                  | for the Orb.
     0 | D:1      | Reached XP level 1. HP: 15/15 MP: 3/3
   107 | D:1      | Reached skill level 2 in Spellcasting
   154 | D:1      | Reached XP level 2. HP: 22/22 MP: 1/5
   539 | D:2      | Reached skill level 5 in Earth Magic
   607 | D:2      | Reached XP level 3. HP: 22/28 MP: 4/6
   914 | D:3      | Learned a level 2 spell: Passwall
   927 | D:3      | Found a shattered altar of Ashenzari.
   927 | D:3      | Found a snail-covered altar of Cheibriados.
  1076 | D:3      | Reached skill level 6 in Earth Magic
  1076 | D:3      | Reached XP level 4. HP: 24/36 MP: 5/7
  1109 | D:3      | HP: 9/36 [hornet zombie (1)]
  1115 | D:3      | Reached skill level 3 in Stealth
  1115 | D:3      | Reached XP level 5. HP: 13/42 MP: 1/7
  1128 | D:3      | Found a faded altar of an unknown god.
  1224 | D:3      | HP: 10/42 [jackal (1)]
  1285 | D:3      | Killed from afar by a shadow imp

Levels and vault maps discovered:
D:1:      mushboom_english_gardens, layout_loops_ring
D:2:      layout_basic
D:3:      layout_loops_cross, nicolae_overflow_crystal_walls,
          gammafunk_temple_overflow_elements, chequers_ecumenical_altar_grove,
          first_ration

Skill      XL: |  1  2  3  4 |
---------------+-------------+-----
Spellcasting   | 2 |  2.3
Earth Magic    | 5 6 |  6.8
Stealth        | 3 |  3.9
Dodging        | |  2.1
Transmutations | |  0.8

Action                   |  1- 3 |  4- 6 || total
-------------------------+-------+-------++-------
Melee: Club              |    11 |       ||    11
       Dagger            |    34 |     8 ||    42
 Cast: Sandblast         |    50 |    16 ||    66
 Abil: Heal Wounds       |       |     1 ||     1
  Use: Scroll            |     2 |       ||     2
       Potion            |       |     1 ||     1
 Stab: Sleeping          |     3 |       ||     3
  Eat: Chunk             |     1 |       ||     1
Armor: Robe              |    19 |     3 ||    22
Dodge: Dodged            |    51 |    13 ||    64

Table legend:
 A = Non-vault XP
 B = Vault XP
 C = Vault XP percentage of total XP
 D = Non-vault monster count
 E = Vault monster count
 F = Vault count percentage of total count
                 A         B        C        D         E       F
            +---------+---------+-------+---------+---------+-------
      Total |     240 |       0 |   0.0 |      49 |       0 |   0.0
            +---------+---------+-------+---------+---------+-------
        D:1 |      32 |       0 |   0.0 |      15 |       0 |   0.0
        D:2 |      42 |       0 |   0.0 |      19 |       0 |   0.0
        D:3 |     166 |       0 |   0.0 |      15 |       0 |   0.0
            +---------+---------+-------+---------+---------+-------

Levels and vault maps discovered:
D:1:      mushboom_english_gardens, layout_loops_ring
D:2:      layout_basic
D:3:      layout_loops_cross, nicolae_overflow_crystal_walls,
          gammafunk_temple_overflow_elements, chequers_ecumenical_altar_grove,
          first_ration

Table legend:
 A = Turns spent in this place as a percentage of turns spent in the entire game.
 B = Non-inter-level travel turns spent in this place as a percentage of non-inter-level travel turns spent in the entire game.
 C = Inter-level travel turns spent in this place as a percentage of turns spent in this place.
 D = Turns resting spent in this place as a percentage of non-inter-level travel turns spent in this place.
 E = Turns spent auto-exploring this place as a percentage of non-inter-level travel turns spent in this place.
 F = Non-inter-level travel turns spent in this place divided by the number of levels of this place that you've seen.
                   A       B       C       D       E      F
               +-------+-------+-------+-------+-------+----------------------
         Total | 100.0 | 100.0 |   0.0 |   0.0 |   0.0 | 428.3
       Dungeon | 100.0 | 100.0 |   0.0 |   0.0 |   0.0 | 428.3
               +-------+-------+-------+-------+-------+----------------------

Table legend:
 A = Kills in this place as a percentage of kills in entire the game.
 B = Kills by you in this place as a percentage of kills by you in the entire game.
 C = Kills by friends in this place as a percentage of kills by friends in the entire game.
 D = Other kills in this place as a percentage of other kills in the entire game.
 E = Experience gained in this place as a percentage of experience gained in the entire game.
 F = Experience gained in this place divided by the number of levels of this place that you have seen.
                   A       B       C       D       E      F
               +-------+-------+-------+-------+-------+----------------------
         Total | 100.0 | 100.0 |   N/A |   N/A | 100.0 |  80.0
       Dungeon | 100.0 | 100.0 |   N/A |   N/A | 100.0 |  80.0
               +-------+-------+-------+-------+-------+----------------------
